 Dungeon Crawl Stone Soup version 0.30.1-3-gfc49f6343a (webtiles) character file.

Game seed: 8080561464133339422

2 arthad the Jinx (level 1, -3/13 HPs)
             Began as a Gnoll Wanderer on July 21, 2023.
             Slain by a hobgoblin (4 damage)
             ... on level 1 of the Dungeon.
             The game lasted 00:00:44 (147 turns).

arthad the Jinx (Gnoll Wanderer)                     Turns: 147, Time: 00:00:45

Health: -3/13      AC:  2    Str: 11    XL:     1   Next: 40%
Magic:  6/6        EV: 11    Int: 12    God:
Gold:   38         SH:  0    Dex: 10    Spells: 7/9 levels left

rFire   . . .        a - +0 dagger
rCold   . . .        (no shield)
rNeg    . . .        d - +0 robe
rPois   .            (no helmet)
rElec   .            (no cloak)
rCorr   .            (no gloves)
SInv    .            (no boots)
Will    .....        (no amulet)
Stlth   +            (no ring)
HPRegen 0.22/turn    (no ring)
MPRegen 0.10/turn

%: no passive effects
@: no status effects
A: fangs 1, strong nose, distributed training
a: no special abilities


You were on level 1 of the Dungeon.
You visited 1 branch of the dungeon, and saw 1 of its levels.

You collected 38 gold pieces.

Inventory:

Hand Weapons
 a - a +0 dagger (weapon)
Missiles
 b - 12 boomerangs
Armour
 d - a +0 robe (worn)
Potions
 c - a potion of attraction
 e - a potion of haste {unknown}
 f - a potion of curing {unknown}


   Skills:
 + Level 0.0 Fighting
 + Level 0.0 Short Blades
 + Level 0.0 Long Blades
 + Level 0.0 Axes
 + Level 0.0 Maces & Flails
 + Level 0.0 Polearms
 + Level 0.0 Staves
 + Level 0.0 Ranged Weapons
 + Level 4.4 Throwing
 + Level 0.0 Armour
 + Level 0.0 Dodging
 + Level 0.0 Stealth
 + Level 0.0 Shields
 + Level 0.0 Unarmed Combat
 + Level 4.8 Spellcasting
 + Level 0.0 Conjurations
 + Level 8.7 Hexes
 + Level 0.0 Summonings
 + Level 0.0 Necromancy
 + Level 0.0 Translocations
 + Level 0.0 Transmutations
 + Level 1.9 Fire Magic
 + Level 0.0 Ice Magic
 + Level 0.0 Air Magic
 + Level 0.0 Earth Magic
 + Level 0.0 Poison Magic
 + Level 0.1 Invocations
 + Level 0.0 Evocations


You had 7 spell levels left.
You knew the following spells:

 Your Spells              Type           Power      Damage    Failure   Level
a - Foxfire               Conj/Fire      20%        2x1d5     14%         1
b - Slow                  Hex            92%        N/A       1%          1

Your spell library contained the following spells:

 Spells                   Type           Power      Damage    Failure   Level
 Confusing Touch          Hex            23%        N/A       1%          3
 Portal Projectile        Hex/Tloc       26%        N/A       10%         3
 Ignite Poison            Fire/Tmut/Pois 4%         N/A       43%         3


Dungeon Overview and Level Annotations

Branches:
Dungeon (1/15)

Altars:


Innate Abilities, Weirdness & Mutations

You have very sharp teeth.
Your uncanny sense of smell can sniff out nearby items.
Your experience applies equally to all skills.


Message History

The frilled lizard hisses angrily.
A rat comes into view.
You conjure some foxfire!
The foxfire hits the frilled lizard.
You kill the frilled lizard!
A hobgoblin comes into view.
The foxfire hits the rat.
You kill the rat!
Unknown command.
The foxfire hits the hobgoblin.
You kill the hobgoblin!
Your foxfire dissipates!
Magic restored.
You now have 38 gold pieces (gained 11).
You open the door.
There is an open door here.
You open the door.
A hobgoblin comes into view.
Found a stone staircase leading down.
A hobgoblin is nearby!
You hit the hobgoblin but do no damage. The hobgoblin hits you.
You completely miss the hobgoblin. The hobgoblin hits you.
You closely miss the hobgoblin. The hobgoblin hits you.
You are too injured to fight recklessly!
You hit the hobgoblin but do no damage. You bite the hobgoblin.
The hobgoblin is moderately wounded.
The hobgoblin barely misses you.
You closely miss the hobgoblin.
The hobgoblin is moderately wounded.
The hobgoblin hits you.
* * * LOW HITPOINT WARNING * * *
You hit the hobgoblin. Your bite misses the hobgoblin.
The hobgoblin is heavily wounded.
The hobgoblin barely misses you.
You barely miss the hobgoblin.
The hobgoblin is heavily wounded.
The hobgoblin hits you.
* * * LOW HITPOINT WARNING * * *
You closely miss the hobgoblin.
The hobgoblin is heavily wounded.
The hobgoblin hits you.
You die...

#########
.......#
######
......#
.....+ ..>..
###### ...
#g# #@# #.#
### #.# ..#
#.# ..# #.#
..# #.# ..#
#.#
..##########
#.#
...........#
#.#


You could see a hobgoblin.

Vanquished Creatures
  A hobgoblin (D:1)
  A frilled lizard (D:1)
  A rat (D:1)
3 creatures vanquished.

Vanquished Creatures (others)
  3 foxfires (D:1)
3 creatures vanquished.

Grand Total: 6 creatures vanquished

Notes
Turn   | Place    | Note
-------+----------+-------------------------------------------
     0 | D:1      | arthad the Gnoll Wanderer began the quest for the Orb.
     0 | D:1      | arthad set off with the following items: a +0 dagger, 8
                  | boomerangs, a potion of attraction, a +0 robe; and the
                  | following spells available to memorise: Slow, Confusing
                  | Touch, Portal Projectile, Foxfire, Ignite Poison.
     0 | D:1      | Reached XP level 1. HP: 13/13 MP: 6/6
     2 | D:1      | Learned a level 1 spell: Foxfire
     4 | D:1      | Learned a level 1 spell: Slow
   147 | D:1      | Slain by a hobgoblin

Illustrated notes

Levels and vault maps discovered:
D:1:      amcnicky_arrival_wind_blow, layout_basic,
          hellmonk_ecumenical_altar_watching_god

Action                     || total
---------------------------++-------
  Melee: Dagger            ||     8
         Bite              ||     1
   Cast: Foxfire           ||     2
  Dodge: Dodged            ||     2
